 Dungeon Crawl Stone Soup version 0.23.0 (webtiles) character file.

Game seed: 17327585894874824791

292 marthius the Skirmisher (level 6, -1/56 HPs)
             Began as a Hill Orc Fighter on Feb 11, 2019.
             Slain by an adder (2 damage)
             ... on level 4 of the Dungeon.
             The game lasted 00:08:47 (2943 turns).

marthius the Skirmisher (Hill Orc Fighter)          Turns: 2943, Time: 00:08:50

Health: -1/56      AC:  7    Str: 26    XL:     6   Next: 33%
Magic:  6/6        EV:  8    Int:  8    God:
Gold:   172        SH: 12    Dex: 10    Spells: 5/5 levels left

rFire    . . .     SeeInvis .   a - +0 trident
rCold    . . .     Gourm    .   e - +2 shield
rNeg     . . .     Faith    .   b - +0 scale mail
rPois    .         Spirit   .   (no helmet)
rElec    .         Reflect  .   (no cloak)
rCorr    .         Harm     .   (no gloves)
MR       .....                  (no boots)
Stlth    ..........             (no amulet)
HPRegen  0.18/turn              l - ring of flight
MPRegen  0.10/turn              (no ring)

@: mighty
A: no striking features
a: Evoke Flight


You were on level 4 of the Dungeon.
You were not hungry.

You visited 1 branch of the dungeon, and saw 4 of its levels.

You collected 172 gold pieces.

Inventory:

Hand Weapons
 a - a +0 trident (weapon)
 o - a +0 halberd
Missiles
 p - 12 stones (quivered)
Armour
 b - a +0 scale mail (worn)
 c - a +0 shield
 e - a +2 shield (worn)
Jewellery
 g - an uncursed ring of see invisible {unknown}
 l - a ring of flight (left hand)
Wands
 q - a wand of flame (19)
Scrolls
 h - 2 scrolls of identify {unknown}
 j - a scroll of fear {unknown}
 m - a scroll of teleportation {unknown}
 n - a scroll of noise {unknown}
 r - a scroll of enchant armour {unknown}
Potions
 i - 2 potions of cancellation {unknown}
 k - 2 potions of curing {unknown}
 t - a potion of degeneration {unknown}
Comestibles
 f - 5 rations
 s - a chunk of flesh


   Skills:
 + Level 5.1 Fighting
 + Level 4.0 Polearms
 + Level 4.7 Armour
 + Level 4.6 Shields


You had 5 spell levels left.
You didn't know any spells.
Your spell library was empty.

Dungeon Overview and Level Annotations

Branches:
Dungeon (4/15)
 Temple: D:4-7

Altars:


Message History

You miss something.
You hear some strange, mumbled words.
A puff of frost appears from out of thin air!
You block the puff of frost. You block the adder's attack. Something hits you.
You closely miss something. The adder barely misses you.
Something hits you but does no damage.
Your shield prevents you from hitting something.
Something hits you.
* * * LOW HITPOINT WARNING * * *
The adder bites you.
* * * LOW HITPOINT WARNING * * *
Something hits you but does no damage. The adder bites you.
* * * LOW HITPOINT WARNING * * *
You barely miss the adder.
An orc wizard appears from thin air!
Reactivating autopickup.
The orc wizard points at you and mumbles some strange words.
The magic dart hits you!
* * * LOW HITPOINT WARNING * * *
The adder bites you.
You die...

. ... ..... #.. .$ .....
#... .. .[.... .....#.
#...... #....#.
###.......
##.....##)........
........(.#........
.#....#S#o##....... ...
##.....@.......... ...#
................. #..#
...........#....###...
..........##........#
..........#.........#####
##.....................#
#..##...........# ....
#...##..........###...#
................#.....#


You could see an orc wizard and an adder.

Vanquished Creatures
  An ogre (D:4)
  2 orc priests (D:4)
  A hound skeleton (D:2)
  3 gnolls (D:2)
  3 adders
  An adder skeleton (D:4)
  A worm (D:3)
  3 leopard geckos
  3 orcs (D:4)
  2 bat zombies (D:2)
  7 goblins
  6 hobgoblins
  10 jackals
  3 quokkas
  7 bats
  4 frilled lizards
  A jackal skeleton (D:2)
  7 kobolds
  A leopard gecko skeleton (D:2)
  5 rats
71 creatures vanquished.

Notes
Turn   | Place    | Note
-------+----------+-------------------------------------------
     0 | D:1      | marthius the Hill Orc Fighter began the quest for the Orb.
     0 | D:1      | Reached XP level 1. HP: 19/19 MP: 1/1
   418 | D:1      | Reached XP level 2. HP: 22/27 MP: 2/2
   640 | D:1      | You fall through a shaft!
   674 | D:2      | Reached skill level 4 in Fighting
   674 | D:2      | Reached XP level 3. HP: 21/33 MP: 3/3
  1573 | D:2      | Reached XP level 4. HP: 38/40 MP: 4/4
  1594 | D:2      | Found a faded altar of an unknown god.
  2397 | D:3      | Reached XP level 5. HP: 47/47 MP: 5/5
  2598 | D:4      | Noticed an ogre
  2622 | D:4      | Killed an ogre
  2925 | D:4      | Reached skill level 5 in Fighting
  2925 | D:4      | Reached XP level 6. HP: 40/56 MP: 6/6
  2943 | D:4      | HP: 1/56 [orc wizard/magic dart (9)]
  2943 | D:4      | Slain by an adder

Skill      XL: |  1  2  3  4  5  6 |
---------------+-------------------+-----
Fighting       | 4 5 |  5.1
Polearms       | 3 4 |  4.0
Armour         | 4 |  4.7
Shields        | 4 |  4.6

Action                   |  1- 3 |  4- 6 || total
-------------------------+-------+-------++-------
Melee: Trident           |   165 |   117 ||   282
Throw: Stone             |     6 |    38 ||    44
  Use: Potion            |       |     2 ||     2
  Eat: Chunk             |     2 |     5 ||     7
Armor: Scale mail        |    73 |    44 ||   117
Dodge: Dodged            |    59 |    36 ||    95
Block: Shield            |    92 |    87 ||   179
